AoeStats
← Aoe_Ly

African Clearing

506769403Analyzed
4v4 RM · 18d ago on Sep 15, 2026· 51m 49s· 8 players
Game mode
Random Map
Map size
Large (8 player)
Population
200
Speed
Normal
Resources
Standard
Victory
Conquest
Starting age
Dark Age
Ending age
Imperial Age
RankedLock teamsTeams togetherTeam positionsShared explorationLock speedFull tech treeHidden civsTurbo modeCheats
Victory
Defeat
🇨🇦 Persians · Canada
1137
+14
🇨🇦 Huns · Canada
1126
+14
🇲🇽 Mongols · Mexico
1100
+16
🇨🇱 Spanish · Chile
1059
+17
🇨🇱 Cumans · Chile
1142
-17
🇵🇪 Franks · Peru
1093
-15
🇻🇳 Mongols · Vietnam
1080
-15
🇻🇳 Hindustanis · Vietnam
1046
-14
dedw1ng
8:36 Loom
13:16 Feudal Age
21:26 Castle Age
20:58 Scale Barding Armor
21:59 Bloodlines
22:03 Forging
23:13 Double-Bit Axe
24:44 Horse Collar
25:40 Bow Saw
25:33 Heavy Plow
26:51 Wheelbarrow
27:21 Chain Barding Armor
27:46 Gold Mining
29:33 Hand Cart
30:57 Husbandry
31:34 Iron Casting
31:19 Stone Mining
33:10 Light Cavalry
35:51 Gold Shaft Mining
38:46 Imperial Age
38:55 Imperial Age
39:08 Cavalier
41:53 Savar
43:09 Plate Barding Armor
42:33 Hussar
44:16 Blast Furnace
44:07 Conscription
Sirsoberbio
4:38 Loom
14:25 Feudal Age
18:51 Castle Age
16:43 Double-Bit Axe
19:59 Bow Saw
21:09 Fletching
25:21 Horse Collar
29:04 Wheelbarrow
32:46 Imperial Age
31:45 Heavy Plow
31:40 Pikeman
32:20 Squires
32:32 Scale Barding Armor
34:32 Chemistry
34:19 Block Printing
34:55 Husbandry
35:05 Bloodlines
37:06 Conscription
36:08 Elite Conquistador
36:50 Inquisition
39:17 Hand Cart
39:27 Light Cavalry
40:57 Hussar
41:46 Bodkin Arrow
41:51 Padded Archer Armor
44:15 Two-Man Saw
43:26 Gold Mining
43:58 Town Watch
45:18 Forging
45:29 Chain Barding Armor
45:35 Stone Mining
47:13 Ballistics
50:51 Stone Shaft Mining
51:44 Plate Barding Armor
51:44 Iron Casting
unclesam613
3:58 Loom
15:14 Feudal Age
18:46 Castle Age
18:16 Fletching
20:42 Double-Bit Axe
22:34 Bow Saw
23:01 Wheelbarrow
22:08 Horse Collar
22:17 Town Watch
23:22 Heavy Plow
30:01 Wheelbarrow
29:19 Gold Mining
31:20 Gold Shaft Mining
31:54 Hand Cart
35:27 Imperial Age
32:59 Town Patrol
33:19 Stone Mining
34:24 Scale Barding Armor
34:30 Forging
34:23 Husbandry
34:33 Bloodlines
35:40 Chain Barding Armor
35:16 Bodkin Arrow
35:23 Padded Archer Armor
37:21 Chemistry
36:41 Ballistics
37:30 Two-Man Saw
37:36 Plate Barding Armor
37:37 Iron Casting
37:13 Elite Tarkan
38:14 Conscription
39:08 Marauders
42:07 Blast Furnace
42:19 Heavy Cavalry Archer
43:25 Parthian Tactics
43:05 Thumb Ring
49:05 Light Cavalry
50:31 Hussar
jusart.92
4:58 Loom
13:16 Feudal Age
18:30 Castle Age
18:59 Fletching
22:01 Bodkin Arrow
25:22 Bloodlines
25:12 Husbandry
28:34 Husbandry
28:28 Double-Bit Axe
28:54 Padded Archer Armor
30:07 Leather Archer Armor
29:59 Thumb Ring
33:34 Bow Saw
33:07 Horse Collar
34:33 Ballistics
35:33 Heavy Plow
38:27 Imperial Age
35:44 Town Watch
36:17 Gold Mining
36:18 Stone Mining
37:13 Wheelbarrow
39:37 Gold Shaft Mining
39:37 Stone Shaft Mining
39:21 Hand Cart
39:06 Town Patrol
39:50 Parthian Tactics
40:32 Chemistry
40:06 Bracer
41:12 Conscription
41:02 Heavy Cavalry Archer
43:59 Forging
43:54 Scale Barding Armor
44:26 Town Patrol
43:55 Light Cavalry
45:18 Iron Casting
45:00 Hussar
46:20 Chain Barding Armor
48:08 Blast Furnace
50:18 Elite Steppe Lancer
51:46 Hoardings
51:29 Fervor
51:19 Devotion
Aoe_Ly
5:59 Loom
15:51 Feudal Age
16:32 Double-Bit Axe
19:39 Castle Age
21:50 Bow Saw
23:32 Town Watch
35:12 Wheelbarrow
34:36 Gold Mining
34:36 Stone Mining
39:48 Imperial Age
38:55 Hand Cart
38:59 Scale Barding Armor
39:05 Forging
39:39 Husbandry
40:02 Chain Barding Armor
41:02 Cavalier
42:48 Plate Barding Armor
42:49 Iron Casting
43:09 Murder Holes
48:11 Scale Mail Armor
49:11 Blast Furnace
47:35 Pikeman
48:16 Squires
48:01 Arson
Nichelson3360
13:10 Feudal Age
20:30 Castle Age
20:56 Fletching
22:37 Loom
47:28 Wheelbarrow
46:46 Double-Bit Axe
46:46 Horse Collar
50:06 Hand Cart
50:15 Gold Mining
51:06 Bow Saw
51:00 Heavy Plow
vyvanvuong159
3:44 Loom
13:50 Feudal Age
14:37 Double-Bit Axe
15:27 Horse Collar
16:54 Wheelbarrow
18:55 Castle Age
17:09 Stone Mining
20:30 Hand Cart
26:36 Fletching
26:57 Padded Archer Armor
27:28 Scale Barding Armor
28:01 Town Watch
28:41 Bodkin Arrow
29:00 Husbandry
29:49 Leather Archer Armor
31:04 Bloodlines
31:31 Bow Saw
33:41 Gold Mining
39:21 Imperial Age
37:22 Murder Holes
37:48 Ballistics
38:18 Nomads
39:20 Masonry
39:39 Chain Barding Armor
40:27 Conscription
40:23 Elite Mangudai
43:13 Chemistry
43:13 Drill
43:38 Bracer
44:03 Town Patrol
44:13 Heavy Camel Rider
45:07 Forging
quocdaicd15s1
5:43 Loom
14:15 Feudal Age
18:12 Castle Age
16:41 Double-Bit Axe
17:20 Horse Collar
24:34 Forging
27:47 Wheelbarrow
27:35 Elite Skirmisher
28:21 Thumb Ring
28:19 Scale Mail Armor
31:16 Iron Casting
30:42 Padded Archer Armor
30:33 Fletching
30:59 Chain Mail Armor
32:31 Bloodlines
32:25 Husbandry
32:34 Scale Barding Armor
33:01 Heavy Plow
34:22 Bodkin Arrow
35:24 Leather Archer Armor
38:43 Imperial Age
36:29 Gold Mining
36:30 Stone Mining
38:50 Heavy Camel Rider
40:51 Hand Cart
42:05 Blast Furnace
41:25 Chain Barding Armor
41:59 Chain Barding Armor
42:27 Bow Saw
44:58 Ring Archer Armor
45:08 Plate Barding Armor
44:27 Imperial Camel Rider
46:36 Two-Man Saw
49:04 Squires
48:32 Pikeman
48:58 Arson
Connection lost

Rejoining the realm…

Still unreachable

The connection could not be restored.

Session expired

The server has moved on; the page needs a fresh start.